 Dungeon Crawl Stone Soup version 0.30-a0-782-ge64f9170bb (webtiles) character file.

Game seed: 1234128596679607609

129 Nedwor the Ruffian (level 4, -2/44 HPs)
             Began as a Troll Gladiator on Feb 25, 2023.
             Slain by Robin
             ... wielding a +0 spear
              (4 damage)
             ... on level 3 of the Dungeon.
             The game lasted 00:01:34 (1469 turns).

Nedwor the Ruffian (Troll Gladiator)                Turns: 1469, Time: 00:01:35

Health: -2/44      AC:  4    Str: 24    XL:     4   Next: 88%
Magic:  3/3        EV:  7    Int:  4    God:
Gold:   142        SH:  0    Dex: 11    Spells: 3/3 levels left

rFire   . . .      SeeInvis .      - Unarmed
rCold   . . .      Faith    .    (no shield)
rNeg    . . .      Spirit   .    a - +0 robe
rPois   .          Reflect  .    b - +0 hat
rElec   .          Harm     .    (no cloak)
rCorr   +          Rampage  .    (gloves unavailable)
Will    .....                    (boots unavailable)
Stlth   +                        (no amulet)
HPRegen 1.07/turn                g - ring of resist corrosion
MPRegen 0.08/turn                (no ring)

@: grasped by roots, constricted
A: large, unfitting armour, claws 3, regeneration 1, shaggy fur 1, tough skin 1
a: no special abilities


You were on level 3 of the Dungeon.
You visited 1 branch of the dungeon, and saw 3 of its levels.

You collected 142 gold pieces.

Inventory:

Missiles
 c - 5 throwing nets (quivered)
 d - a large rock
Armour
 a - a +0 robe (worn)
 b - a +0 hat (worn)
Jewellery
 g - a ring of resist corrosion (left claw)
Scrolls
 f - a scroll of blinking {unknown}
 h - 2 scrolls of identify {unknown}
 j - a scroll of immolation {unknown}
 k - a scroll of amnesia {unknown}
 m - a scroll of vulnerability {unknown}
Potions
 e - 2 potions of curing {unknown}
 i - 2 potions of haste {unknown}
 l - a potion of brilliance {unknown}
 n - a potion of cancellation {unknown}


   Skills:
 + Level 2.4 Fighting
 - Level 1.7 Throwing
 + Level 3.1 Dodging
 * Level 4.5 Unarmed Combat


You had 3 spell levels left.
You didn't know any spells.
Your spell library was empty.

Dungeon Overview and Level Annotations

Branches:
Dungeon (3/15)

Altars:
The Shining One

Annotations:
D:2 Natasha
D:3 Robin


Innate Abilities, Weirdness & Mutations

You are too large for most types of armour.
You have claws for hands.
Your natural rate of healing is unusually fast.
You are covered in fur. (AC +1)
You have tough skin. (AC +1)


Message History

You are too injured to fight recklessly!
You are too injured to fight recklessly!
You are too injured to fight recklessly!
You closely miss the goblin. Robin throws the goblin at you!
The goblin barely misses you. The goblin hits you with a +0 club.
The goblin hits you with a +0 dagger.
* * * LOW HITPOINT WARNING * * *
You closely miss the goblin. The goblin hits you with a +0 club.
* * * LOW HITPOINT WARNING * * *
The goblin barely misses you.
You claw the goblin!
You kill the goblin!
The goblin hits you with a +0 dagger.
* * * LOW HITPOINT WARNING * * *
The goblin barely misses you.
You scratch the goblin.
You kill the goblin!
The goblin no longer looks unusually strong.
The goblin hits you but does no damage. The goblin hits you with a +0 club.
* * * LOW HITPOINT WARNING * * *
Robin hits you from afar with a +0 spear.
* * * LOW HITPOINT WARNING * * *
You closely miss the goblin. The goblin misses you.
The goblin barely misses you. The goblin hits you with a +0 club.
* * * LOW HITPOINT WARNING * * *
You closely miss the goblin. The goblin closely misses you.
The goblin hits you with a +0 dagger.
* * * LOW HITPOINT WARNING * * *
Robin zaps a wand.
The roots erupt in riotous growth!
The goblin is unaffected.
The grasping roots grab you!
Robin is unaffected.
The goblin is unaffected.
The grasping roots constrict you.
* * * LOW HITPOINT WARNING * * *
The goblin hits you but does no damage.
You hear an angry hiss.
You scratch the goblin.
You kill the goblin!
The goblin hits you but does no damage. The goblin closely misses you.
Robin hits you from afar with a +0 spear.
You die...

...###.
.#..#..
###... #.
.#... #.##
...## #...
g...#
#..###)...#
#..##@g#..#..
#..##g###...#
#..##..#..#..
#.........#
##>####...#
#.# #.### #.#
#.# #.# #.#
#.# #.#


You could see Robin and 2 goblins.

Vanquished Creatures
  Terence (D:2)
  Natasha (D:2)
  3 adders
  2 worms
  3 dart slugs
  4 ball pythons
  2 bats
  3 endoplasms
  9 goblins (D:3)
  4 hobgoblins
  4 jackals (D:1)
  A quokka (D:1)
  4 frilled lizards
  A kobold (D:1)
  A rat (D:1)
43 creatures vanquished.

Notes
Turn   | Place    | Note
-------+----------+-------------------------------------------
     0 | D:1      | Nedwor the Troll Gladiator began the quest for the Orb.
     0 | D:1      | Reached XP level 1. HP: 19/19 MP: 0/0
     2 | D:1      | Noticed a tengu
     4 | D:1      | Noticed a human
     4 | D:1      | Noticed an ogre
     6 | D:1      | Noticed an elf
     6 | D:1      | Noticed a draconian
    10 | D:1      | Noticed a demonspawn
    10 | D:1      | Noticed a troll
    12 | D:1      | Noticed a vine stalker
    12 | D:1      | Noticed a naga
    14 | D:1      | Noticed a demigod
    14 | D:1      | Noticed a ghoul
    16 | D:1      | Noticed an armataur
    16 | D:1      | Noticed a formicid
    18 | D:1      | Noticed a vampire
    18 | D:1      | Noticed a meteoran
    20 | D:1      | Noticed a spriggan
    20 | D:1      | Noticed a merfolk
    22 | D:1      | Noticed a minotaur
    22 | D:1      | Noticed a felid
    24 | D:1      | Noticed a merfolk
    24 | D:1      | Noticed an octopode
    26 | D:1      | Noticed a troll
    26 | D:1      | Noticed a ghoul
    99 | D:1      | Reached XP level 2. HP: 28/28 MP: 1/1
   495 | D:2      | Noticed Terence
   501 | D:2      | Killed Terence
   502 | D:2      | Reached XP level 3. HP: 12/35 MP: 2/2
   731 | D:2      | Reached skill level 4 in Unarmed Combat
   793 | D:2      | Noticed Natasha
   797 | D:2      | Killed Natasha
   798 | D:2      | Reached XP level 4. HP: 31/42 MP: 3/3
  1204 | D:2      | Noticed Natasha
  1386 | D:3      | Found a glowing golden altar of the Shining One.
  1449 | D:3      | Noticed Robin
  1468 | D:3      | HP: 1/44 [constriction (3)]
  1469 | D:3      | Slain by Robin

Illustrated notes

Levels and vault maps discovered:
D:1:      kb_arrival_jail, layout_basic
D:2:      layout_loops_ring, uniq_terence, uniq_natasha
D:3:      layout_loops_ring, lemuel_crystal_altar, minivault_4,
          minmay_strange_pillars, uniq_robin

Skill      XL: |  1  2  3 |
---------------+----------+-----
Fighting       | 2 |  2.4
Unarmed Combat | 4 |  4.5
Dodging        | 3 |  3.1
Throwing       | |  1.7

Action                     |  1- 3 |  4- 6 || total
---------------------------+-------+-------++-------
  Melee: Unarmed           |    62 |    50 ||   112
         Punch             |       |     1 ||     1
   Stab: Sleeping          |     4 |     1 ||     5
 Armour: Robe              |    14 |    16 ||    30
  Dodge: Dodged            |    28 |    25 ||    53

Table legend: (Time is in decaauts)
 A = Elapsed time spent in this place.
 B = Non-inter-level travel time spent in this place.
 C = Inter-level travel time spent in this place.
 D = Time resting spent in this place.
 E = Time spent auto-exploring this place.
 F = Levels seen in this place.
 G = Mean time per level.
                   A        B        C        D        E       F      G
               +--------+--------+--------+--------+--------+-----+--------+
         Total |   1460 |   1381 |     79 |    138 |   1020 |   3 |  486.7 |
       Dungeon |   1460 |   1381 |     79 |    138 |   1020 |   3 |  486.7 |
               +--------+--------+--------+--------+--------+-----+--------+

Top non-repeatable levels by time:
     D:2: 755 daAuts
     D:1: 487 daAuts
     D:3: 217 daAuts
